 Dungeon Crawl Stone Soup version 0.28.0-43-g3370ac3207 (webtiles) character file.

Game seed: 17029056359062288230

133253 pkoi the Cryomancer (level 16, -5/132 HPs)
             Began as a White Draconian Monk on Mar 11, 2022.
             Was the Champion of Makhleb.
             Slain by a merfolk impaler
             ... wielding a +5 demon trident of freezing
              (6 damage)
             ... on level 4 of the Shoals.
             The game lasted 01:25:23 (47754 turns).

pkoi the Cryomancer (White Draconian Monk)         Turns: 47754, Time: 01:25:24

Health: -5/132     AC: 21    Str: 15    XL:     16   Next: 59%
Magic:  4/30       EV: 15    Int: 18    God:    Makhleb [******]
Gold:   1959       SH:  5    Dex: 13    Spells: 21/36 levels left

rFire   x . .      SeeInvis .     - Unarmed
rCold   + + +      Faith    .   (no shield)
rNeg    . . .      Spirit   .   (armour unavailable)
rPois   .          Reflect  +   (helmet restricted)
rElec   .          Harm     .   O - +2 cloak {rC+}
rCorr   .          Rampage  .   z - +2 pair of gloves
Will    +....                   q - +1 pair of boots
Stlth   ++........              H - amulet of reflection
HPRegen 0.32/turn               f - +4 ring of protection
MPRegen 0.22/turn               I - ring of ice

@: short of breath
A: breathe frost, AC +9, unfitting armour, cold resistance 1, cold-blooded
a: Breathe Frost, Renounce Religion, Minor Destruction, Lesser Servant of
Makhleb, Major Destruction, Greater Servant of Makhleb


You were on level 4 of the Shoals.
You worshipped Makhleb.
Makhleb was exalted by your worship.
You visited 5 branches of the dungeon, and saw 26 of its levels.
You also visited: Bailey and Ice Cave.

You collected 1959 gold pieces.

Inventory:

Hand Weapons
 a - a +2 dagger of venom
Missiles
 b - 51 poisoned darts (quivered)
 j - 10 curare-tipped darts
 K - 2 throwing nets
Armour
 q - a +1 pair of boots (worn)
 z - a +2 pair of gloves (worn)
 O - a +2 cloak of cold resistance (worn)
Jewellery
 d - an amulet of guardian spirit
 f - a +4 ring of protection (left hand)
 i - an amulet of faith
 n - a ring of poison resistance
 o - an amulet of the acrobat
 E - a ring of fire
 H - an amulet of reflection (around neck)
 I - a ring of ice (right hand)
 L - a +6 ring of dexterity
 M - the ring of Lourphupn {Wiz rElec}
   (You found it on level 13 of the Dungeon)

   [ring of wizardry]

   It improves your spell success rate.
   rElec:     It insulates you from electricity.
 T - the amulet "Siruzyu" {Faith rF+ Str-4 Int+4}
   (You found it on level 4 of the Shoals)

   [amulet of faith]

   It allows you to gain divine favour quickly.
   Str:       It affects your strength (-4).
   Int:       It affects your intelligence (+4).
   rF:        It protects you from fire.
Wands
 t - a wand of flame (44)
 x - a wand of charming (4)
 D - a wand of paralysis (7)
 F - a wand of iceblast (16)
 P - a wand of mindburst (3)
 S - a wand of polymorph (4)
Scrolls
 c - 5 scrolls of teleportation
 p - a scroll of magic mapping
 s - 2 scrolls of fear
 v - a scroll of brand weapon
 y - 4 scrolls of blinking
 B - a scroll of silence
 C - 3 scrolls of amnesia
 G - 2 scrolls of enchant armour
 Q - 3 scrolls of identify
 R - 2 scrolls of enchant weapon
Potions
 e - 7 potions of brilliance
 g - 2 potions of haste
 h - 5 potions of heal wounds
 k - 6 potions of ambrosia
 l - 2 potions of berserk rage
 m - 2 potions of flight
 r - 2 potions of magic
 u - 9 potions of curing
 w - a potion of might
 A - 6 potions of cancellation
Miscellaneous
 J - a phantom mirror
 N - a lightning rod (4/4)


   Skills:
 + Level 9.6 Fighting
 + Level 8.7 Dodging
 - Level 4.0 Stealth
 + Level 12.4 Unarmed Combat
 + Level 10.6 Spellcasting
 + Level 12.5 Transmutations
 - Level 23.0 Ice Magic
 + Level 7.2 Air Magic
 + Level 12.0 Invocations


You had 21 spell levels left.
You knew the following spells:

 Your Spells              Type           Power      Damage    Failure   Level
a - Blade Hands           Tmut           26%        N/A       1%          5
b - Ozocubu's Refrigerat  Ice            47%        4d14      1%          7
c - Swiftness             Air            35%        N/A       1%          3

Your spell library contained the following spells:

 Spells                   Type           Power      Damage    Failure   Level
 Ensorcelled Hibernation  Hex/Ice        100%       N/A       1%          2
 Passwall                 Tmut/Erth      26%        N/A       1%          2
 Call Canine Familiar     Summ           9%         N/A       22%         3
 Portal Projectile        Hex/Tloc       18%        N/A       22%         3
 Leda's Liquefaction      Hex/Erth       4%         N/A       58%         4
 Olgreb's Toxic Radiance  Pois           9%         N/A       58%         4
 Excruciating Wounds      Necr           4%         N/A       91%         5
 Iron Shot                Conj/Erth      4%         9d2       100%        6
 Ignition                 Fire           4%         3d4       100%        8
 Animate Armour           Summ/Erth      Unusable   N/A       N/A         4

Dungeon Overview and Level Annotations

Branches:
Dungeon (14/15)            Temple (1/1) D:7            Lair (6/6) D:9
 Shoals (4/4) Lair:3       Spider (1/4) Lair:2        Slime (0/5) Lair:5
    Orc (0/2) D:10         Bailey (visited)           IceCv (visited)
 Vaults: D:13-14

Altars:
Ashenzari
Cheibriados
Dithmenos
Elyvilon
Fedhas
Gozag
Hepliaklqana
Kikubaaqudgha
Makhleb
Nemelex Xobeh
Okawaru
Qazlal
Ru
Sif Muna
Trog
Uskayaw
Vehumet
Wu Jian
Xom
Yredelemnul
Zin
The Shining One

Shops:
D:2 (   Shoals:3 =(

Annotations:
Lair:5 exclusion: oklob plant
Shoals:4 Polyphemus


Innate Abilities, Weirdness & Mutations

You can breathe waves of freezing cold which knock back foes.
Your icy white scales are hard. (AC +9)
You cannot fit into any form of body armour.
Your flesh is cold resistant. (rC+)
You are cold-blooded and may be slowed by cold attacks.


Message History

The merfolk impaler is severely wounded.
The merfolk impaler hits you with a +5 demon trident of freezing!
The merfolk impaler hits you with a +5 demon trident of freezing!!
* * * LOW HITPOINT WARNING * * *
The merfolk impaler freezes you.
* * * LOW HITPOINT WARNING * * *
Unknown command.
Unknown command.
Aiming: Breathe Frost (1% risk of failure)
Press: ? - help, Shift-Dir - straight line, f - merfolk impaler
Aim: a merfolk impaler, wielding a +5 demon trident of freezing and wearing a +3 leather armour of cold resistance (severely wounded, 43% to hit)
You exhale a wave of freezing cold.
The freezing breath hits the merfolk impaler.
The merfolk impaler resists.
The merfolk impaler is severely wounded.
The merfolk impaler is blown backwards by the freezing wind.
Unknown command.
The merfolk impaler hits you from afar with a +5 demon trident of freezing!
* * * LOW HITPOINT WARNING * * *
The merfolk impaler freezes you.
* * * LOW HITPOINT WARNING * * *
The merfolk impaler hits you from afar with a +5 demon trident of freezing!
* * * LOW HITPOINT WARNING * * *
The merfolk impaler closely misses you.
The merfolk impaler hits you from afar with a +5 demon trident of freezing!
* * * LOW HITPOINT WARNING * * *
You can drink potions again.
The merfolk impaler hits you from afar with a +5 demon trident of freezing!
* * * LOW HITPOINT WARNING * * *
The merfolk impaler freezes you.
* * * LOW HITPOINT WARNING * * *
The merfolk impaler hits you from afar with a +5 demon trident of freezing!!
* * * LOW HITPOINT WARNING * * *
The merfolk impaler freezes you.
* * * LOW HITPOINT WARNING * * *
There is a stone staircase leading up, spattered with blood here.
The merfolk impaler hits you from afar with a +5 demon trident of freezing!!
* * * LOW HITPOINT WARNING * * *
The merfolk impaler hits you from afar with a +5 demon trident of freezing.
You die...

≈≈≈≈≈≈..###.#.#..##.....≈≈≈≈
≈≈≈≈≈≈..##...≈...##....≈≈≈≈≈
≈≈≈≈≈≈..##..##≈.##≈≈...≈≈≈≈≈
≈≈≈≈≈≈...(#######≈≈....≈≈≈≈≈
≈≈≈≈≈≈....##..#≈#≈≈≈≈≈......
≈≈≈≈≈≈........≈≈≈≈≈≈≈≈.###..
≈≈≈≈≈≈....m...≈≈≈≈≈≈≈..###..
≈≈≈≈≈≈≈.......≈≈≈≈≈≈≈≈...#..
≈≈≈≈≈≈≈≈...@...≈≈≈≈≈≈≈≈.....
≈≈≈≈≈≈≈≈≈).....≈≈≈≈≈≈≈≈≈....
≈≈≈≈≈≈≈≈≈≈......≈≈≈≈≈≈≈≈≈...
≈≈≈≈≈≈≈≈≈≈≈.....≈≈≈≈≈≈≈≈≈≈≈.
≈≈≈≈≈≈≈≈≈≈≈≈...≈≈≈≈≈≈≈≈≈≈≈≈≈
≈≈≈≈≈≈≈≈≈≈≈≈≈≈≈≈≈≈≈≈≈≈≈≈≈≈≈
≈≈≈≈≈≈≈≈≈≈≈≈≈≈≈≈≈≈≈≈≈≈≈≈≈≈≈
≈≈≈≈≈≈≈≈≈≈≈≈≈≈≈≈≈≈≈≈≈≈≈≈≈
≈≈≈≈≈≈≈≈≈≈≈≈≈≈≈≈≈≈ ≈≈≈≈≈


You could see a merfolk impaler.

Vanquished Creatures
  Kirke (Shoals:1)
  An entropy weaver (Spider:1)
  Snorg (Lair:6)
  2 merfolk javelineers
  4 merfolk impalers
  A fire dragon (D:14)
  Fannar (D:12)
  A jorogumo (Spider:1)
  A boulder beetle (D:14)
  2 merfolk aquamancers
  7 merfolk avatars
  5 centaur warriors
  4 catoblepae
  6 hydras
  2 alligator snapping turtles
  9 death yaks
  4 two-headed ogres
  A tengu warrior (D:13)
  Sonja (Lair:6)
  Nergalle (D:12)
  A pharaoh ant (Spider:1)
  2 goliath frogs (Lair:6)
  11 sea snakes
  An orb spider (Lair:2)
  A lindwurm (Lair:6)
  30 harpies
  The ghost of Dillybarz the Shield-Bearer, a novice MiFi of Zin (D:6)
  A necromancer (IceCv)
  Pikel (D:4)
  2 wolf spiders
  3 ugly things
  12 fauns
  5 cyclopes
  4 manticores
  8 elephants
  Joseph (D:9)
  10 merfolk sirens
  A black mamba (Lair:1)
  Maggie (D:9)
  An ice statue (IceCv)
  An unseen horror (D:13)
  20 cane toads
  3 freezing wraiths
  3 rime drakes
  2 anaconda simulacra (IceCv)
  3 kobold demonologists (D:12)
  5 komodo dragons
  2 entropy weaver simulacra (IceCv)
  11 ice devils (IceCv)
  A tengu conjurer (D:13)
  3 meliai (D:13)
  14 merfolk
  A polar bear (Lair:4)
  A queen bee (D:6)
  6 wind drakes
  3 tyrant leeches (Lair:6)
  A hornet (Lair:3)
  2 tarantellas (Spider:1)
  39 blink frogs
  4 slime creatures (D:12)
  A meliai zombie (D:10)
  A jumping spider (Spider:1)
  7 dream sheep
  4 snapping turtles
  Sigmund (D:5)
  A culicivora (Lair:2)
  A yak (shapeshifter) (D:14)
  A shadow (D:10)
  7 basilisks
  2 dire elephant simulacra (IceCv)
  11 water elementals
  A wraith (D:12)
  35 yaks
  A wyvern (Lair:5)
  4 death yak simulacra (IceCv)
  3 hogs (Shoals:1)
  4 redbacks (Spider:1)
  19 vampire mosquitoes
  3 harpy simulacra (IceCv)
  2 wargs
  14 water moccasins
  2 acid dragons
  4 orc warriors
  4 black bears
  2 ogres
  7 centaurs
  10 wolves
  4 lemures (D:3)
  3 kobold brigands (D:12)
  18 bullfrogs
  2 wyvern zombies
  A two-headed ogre simulacrum (IceCv)
  A gnoll sergeant (D:8)
  6 cane toad simulacra (IceCv)
  A water moccasin zombie (D:5)
  2 scorpions
  A water moccasin skeleton (D:5)
  An elephant simulacrum (IceCv)
  5 killer bees (D:6)
  2 electric eels (Lair:2)
  8 howler monkeys
  7 wights
  2 lava snakes (D:10)
  3 centaur zombies
  A bullfrog zombie (D:6)
  8 hounds
  4 jellies
  A bullfrog skeleton (D:4)
  3 gnoll shamans
  11 orc priests
  2 hell rats (Lair:2)
  16 orc wizards
  3 iguanas
  6 polar bear simulacra (IceCv)
  A troll simulacrum (IceCv)
  3 wolf simulacra (IceCv)
  22 gnolls
  8 river rats (Lair:2)
  8 adders
  A howler monkey skeleton (D:4)
  3 naga simulacra (IceCv)
  2 ufetubi
  An adder skeleton (D:4)
  3 worms
  A dart slug (D:1)
  28 orcs
  7 ball pythons
  4 endoplasms
  8 giant cockroaches
  4 goblins
  5 hobgoblins
  2 jackals (D:4)
  5 quokkas
  5 bats
  13 kobolds
  9 rats
694 creatures vanquished.

Vanquished Creatures (collateral kills)
  4 hydras
  A two-headed ogre (D:12)
  A wolf spider (Lair:1)
  2 cyclopes (D:11)
  A black mamba (Lair:6)
  A cane toad (Lair:1)
  2 gargoyles
  A blink frog (Lair:4)
  7 yaks
  A wraith (D:14)
  2 vampire mosquitoes
  A warg (D:9)
  An acid dragon (D:11)
  2 kobold brigands
  2 killer bees (D:6)
  3 kobolds
32 creatures vanquished.

Vanquished Creatures (others)
  41 fungi
  181 plants
  A withered plant (Shoals:2)
223 creatures vanquished.

Grand Total: 949 creatures vanquished

Notes
Turn   | Place    | Note
-------+----------+-------------------------------------------
     0 | D:1      | pkoi the Draconian Monk began the quest for the Orb.
     0 | D:1      | Reached XP level 1. HP: 19/19 MP: 1/1
   308 | D:1      | Reached XP level 2. HP: 21/26 MP: 2/2
   960 | D:2      | Found a shimmering altar of Xom.
   968 | D:2      | Reached XP level 3. HP: 28/31 MP: 3/3
  1210 | D:2      | Found Acumou's Weapon Shoppe.
  1738 | D:3      | Found a burning altar of Makhleb.
  1738 | D:3      | Noticed a green death
  1864 | D:3      | Reached XP level 4. HP: 31/40 MP: 4/4
  2077 | D:3      | Identified the +1 leather armour of Icumeggo {rPois Regen+
                  | Dex-2}
  2112 | D:2      | Reached XP level 5. HP: 12/46 MP: 1/5
  3225 | D:3      | Noticed a smoke demon
  3225 | D:3      | Noticed a hellwing
  3227 | D:3      | Became a worshipper of Makhleb the Destroyer
  3227 | D:3      | Reached * piety under Makhleb
  3227 | D:3      | Reached ** piety under Makhleb
  3269 | D:4      | Found a snail-covered altar of Cheibriados.
  3352 | D:4      | Reached skill level 1 in Invocations
  3352 | D:4      | Reached XP level 6. HP: 43/53 MP: 1/6
  3811 | D:4      | Noticed Pikel
  4056 | D:4      | Killed Pikel
  4057 | D:4      | Reached skill level 5 in Fighting
  4057 | D:4      | Reached skill level 5 in Unarmed Combat
  4057 | D:4      | Your scales start taking on an icy white colour.
  4057 | D:4      | Reached XP level 7. HP: 39/61 MP: 7/9
  4057 | D:4      | Gained mutation: Your flesh is cold resistant. (rC+) [White
                  | Draconian growth]
  4189 | D:4      | Learned a level 5 spell: Blade Hands
  4483 | D:5      | Entered Level 5 of the Dungeon
  4523 | D:5      | Found a stormy altar of Qazlal.
  4585 | D:4      | Reached skill level 5 in Dodging
  4585 | D:4      | Reached XP level 8. HP: 63/70 MP: 8/10
  4628 | D:5      | Reached skill level 1 in Transmutations
  4631 | D:5      | Reached skill level 1 in Spellcasting
  5590 | D:5      | Noticed Sigmund
  5594 | D:5      | Identified a scroll of acquirement
  5612 | D:5      | Acquired a manual of Ice Magic
  6759 | D:6      | Noticed a two-headed ogre
  6822 | D:5      | Killed Sigmund
  6992 | D:5      | Reached XP level 9. HP: 71/75 MP: 11/13
  7932 | D:6      | Noticed a queen bee
  7950 | D:6      | Reached skill level 5 in Invocations
  8014 | D:6      | Found a transporter.
  8016 | D:6      | Found a transporter.
  8017 | D:6      | Noticed Dillybarz's ghost (novice MiFi)
  8109 | D:7      | Reached *** piety under Makhleb
  8927 | D:7      | Noticed a gargoyle
  9012 | D:6      | Killed a two-headed ogre
  9351 | D:7      | Found a bloodstained altar of Trog.
  9436 | D:7      | Found a shimmering blue altar of Sif Muna.
  9440 | D:7      | Got Sif Muna's Volume of Transmigration
  9491 | D:7      | Found a staircase to the Ecumenical Temple.
  9502 | Temple   | Entered the Ecumenical Temple
 10663 | D:8      | Reached skill level 5 in Transmutations
 11006 | D:8      | Reached XP level 10. HP: 82/83 MP: 14/16
 11065 | D:8      | Identified the +5 spear of Wyrd {freeze, rPois rC+ rN+
                  | Str-2}
 11137 | D:8      | Reached **** piety under Makhleb
 11521 | D:8      | Found a glowing golden altar of the Shining One.
 11523 | D:8      | Found an opulent altar of Gozag.
 11943 | D:8      | Reached skill level 5 in Spellcasting
 11978 | D:9      | Found a flagged portal.
 11987 | Bailey   | Entered a bailey
 12445 | D:9      | Noticed Joseph
 12495 | D:9      | Noticed a gargoyle
 12527 | D:9      | HP: 4/82 [gargoyle/stone arrow (16)]
 13257 | D:8      | Killed a gargoyle
 13716 | D:9      | Killed Joseph
 14178 | D:9      | Found a staircase to the Lair.
 15113 | D:9      | Noticed Maggie
 15130 | D:9      | Killed Maggie
 15382 | D:10     | Entered Level 10 of the Dungeon
 15467 | D:10     | Found a sacrificial altar of Ru.
 15522 | D:10     | Noticed a two-headed ogre
 15546 | D:10     | Killed a two-headed ogre
 15782 | D:10     | Reached XP level 11. HP: 74/89 MP: 16/20
 16719 | D:10     | Found a staircase to the Orcish Mines.
 18989 | Lair:1   | Entered Level 1 of the Lair of Beasts
 18991 | Lair:1   | Noticed an eight-headed hydra
 19000 | Lair:1   | Killed an eight-headed hydra
 19980 | Lair:1   | Noticed a wolf spider
 20179 | Lair:1   | Noticed a six-headed hydra
 20191 | Lair:1   | Killed a six-headed hydra
 20689 | Lair:1   | Killed a wolf spider
 20976 | Lair:1   | Noticed a wolf spider
 21660 | D:12     | Noticed Fannar
 21684 | D:12     | Killed Fannar
 21807 | D:12     | Noticed a centaur warrior
 21829 | D:12     | Reached XP level 12. HP: 93/95 MP: 20/24
 21922 | D:12     | Noticed a two-headed ogre
 21931 | D:12     | Killed a two-headed ogre
 22006 | D:12     | Killed a centaur warrior
 22323 | D:12     | Noticed Nergalle
 22339 | D:12     | Killed Nergalle
 22728 | D:12     | Reached skill level 10 in Transmutations
 24082 | Lair:2   | Noticed a seven-headed hydra
 24219 | Lair:2   | Killed a seven-headed hydra
 24220 | Lair:2   | Reached skill level 10 in Unarmed Combat
 24480 | Lair:2   | You fall into a shaft and drop 1 floor!
 24498 | Lair:3   | Reached skill level 10 in Invocations
 24527 | Lair:2   | Found a blossoming altar of Fedhas.
 24700 | Lair:2   | Noticed a five-headed hydra
 24710 | Lair:2   | Killed a five-headed hydra
 24858 | Lair:2   | Found a hole to the Spider Nest.
 25440 | Lair:3   | Reached XP level 13. HP: 105/105 MP: 26/26
 25955 | Lair:3   | Found a staircase to the Shoals.
 28731 | Lair:5   | Found a staircase to the Slime Pits.
 29190 | Lair:5   | Learned a level 7 spell: Ozocubu's Refrigeration
 29351 | Lair:5   | Reached skill level 2 in Ice Magic
 29922 | Lair:6   | Entered Level 6 of the Lair of Beasts
 29954 | Lair:6   | Reached skill level 3 in Ice Magic
 29996 | Lair:6   | Reached skill level 4 in Ice Magic
 30003 | Lair:6   | Reached skill level 5 in Ice Magic
 30034 | Lair:6   | Reached skill level 6 in Ice Magic
 30048 | Lair:6   | Reached skill level 7 in Ice Magic
 30057 | Lair:6   | Reached skill level 8 in Ice Magic
 30057 | Lair:6   | Reached XP level 14. HP: 105/116 MP: 23/27
 30108 | Lair:6   | Found a frozen archway.
 30118 | Lair:6   | Reached skill level 9 in Ice Magic
 30139 | Lair:6   | Reached skill level 10 in Ice Magic
 30166 | IceCv    | Entered an ice cave
 30269 | IceCv    | Reached skill level 11 in Ice Magic
 30366 | IceCv    | Reached ***** piety under Makhleb
 30558 | IceCv    | Reached skill level 12 in Ice Magic
 30840 | IceCv    | Reached skill level 13 in Ice Magic
 30871 | IceCv    | Reached skill level 14 in Ice Magic
 31018 | IceCv    | Found an ancient bone altar of Kikubaaqudgha.
 31346 | Lair:6   | Noticed Sonja
 31366 | Lair:6   | Killed Sonja
 31683 | Lair:6   | Noticed Snorg
 31703 | Lair:6   | Killed Snorg
 31704 | Lair:6   | Reached skill level 15 in Ice Magic
 32225 | Lair:6   | Reached skill level 16 in Ice Magic
 32525 | Lair:6   | Reached skill level 10 in Spellcasting
 32675 | Lair:6   | Reached skill level 17 in Ice Magic
 33265 | D:6      | Killed Dillybarz's ghost
 33587 | D:13     | Reached skill level 18 in Ice Magic
 33780 | D:13     | Reached XP level 15. HP: 118/123 MP: 23/29
 33979 | D:13     | Identified the ring of Lourphupn {Wiz rElec}
 34107 | D:13     | Reached skill level 19 in Ice Magic
 34241 | D:13     | Learned a level 3 spell: Swiftness
 34630 | D:13     | Reached skill level 1 in Air Magic
 34924 | Spider:1 | Entered Level 1 of the Spider Nest
 36564 | D:14     | Reached skill level 20 in Ice Magic
 37251 | D:14     | Found an iron altar of Okawaru.
 38096 | Shoals:1 | Entered Level 1 of the Shoals
 38432 | Shoals:1 | Reached skill level 5 in Air Magic
 38884 | Shoals:1 | Reached skill level 21 in Ice Magic
 39782 | Shoals:1 | Noticed Kirke
 39787 | Shoals:1 | Killed Kirke
 40324 | Shoals:1 | Reached skill level 22 in Ice Magic
 40815 | Shoals:2 | Identified the +8 trident "Zyalurho" {spect, Will- Dex+7}
 42878 | Shoals:2 | Reached XP level 16. HP: 129/129 MP: 15/30
 43576 | Shoals:3 | Found Kiacedic's Weapon Emporium.
 43824 | Shoals:3 | Reached skill level 23 in Ice Magic
 44409 | Shoals:3 | Found Edwie's Jewellery Shop.
 45782 | Shoals:4 | Entered Level 4 of the Shoals
 46350 | Shoals:4 | Noticed Polyphemus
 46860 | Shoals:4 | Reached ****** piety under Makhleb
 47381 | Shoals:4 | Identified the amulet "Siruzyu" {Faith rF+ Str-4 Int+4}
 47754 | Shoals:4 | HP: 1/132 [merfolk impaler/+5 demon trident of freezing
                  | (23)]
 47754 | Shoals:4 | Slain by a merfolk impaler

Illustrated notes

Levels and vault maps discovered:
D:1:      dpeg_arrival_more_subterranean_lakeside_camping, layout_loops_ring
D:2:      layout_loops_ring, serial_shops, nicolae_shop_bloodbath_and_beyond,
          basic_altar
D:3:      layout_loops_ring, makhleb_altar_promises_db
D:4:      layout_rooms, mainiacjoe_overflow_paths, uniq_pikel
D:5:      layout_basic, nicolae_qazlal_eye_of_the_storm, gup_sewer_entry_spiral,
          sigmund_army
D:6:      layout_basic, gammafunk_ghost_hive
D:7:      layout_basic, nzn_overflow_gifts_of_might_and_magic,
          minmay_temple_entry_proselytizer
D:8:      layout_basic, jmf_multi_god_temple
D:9:      layout_gridville, erik_lair_orcish_takeover, enter_bailey_1,
          uniq_maggie, uniq_joseph
D:10:     layout_rooms, nicolae_ru_great_annihilating_truth, orc_0_dummy,
          eino_curves_04, kennysheep_big_empty_room
D:11:     minmay_distorted_concentric_squares, layout_layer_cave
D:12:     layout_cave_pools, uniq_nergalle, uniq_fannar
D:13:     layout_basic
D:14:     layout_cave_pods, skrybe_vaults_entry_preservation, okawaru_trees_2
Temple:   jpeg_temple_clearing
Lair:1:   layout_hall_layers, nicolae_lair_run_with_the_wolves
Lair:2:   layout_hall_layers, nicolae_spider_entry_orb_guardian, basic_altar,
          chequers_serial_rivers_large_a, kennysheep_rathole,
          serial_bayou_shore_a
Lair:3:   layout_big_grid, minmay_shoals_entry_lonely_mermaid
Lair:4:   layout_regular_city, beast_lair_carwin_2
Lair:5:   layout_long_grid, nicolae_slime_entry_slimehenge
Lair:6:   minmay_lair_end_frog_pond, layout_loops_ring,
          portal_ice_cave_entry_pillars_1, infiniplex_staircase_pool_2,
          uniq_snorg, uniq_sonja
Shoals:1: layout_shoals, uniq_kirke
Shoals:2: layout_shoals, argonaut_gorgonesque
Shoals:3: layout_shoals, nicolae_stop_n_shop_2, minmay_shop_enchanted_jewellery,
          nicolae_shoals_hidden_pirate_stash
Shoals:4: shoals_end_grunt_ice, layout_shoals, uniq_polyphemus
Spider:1: layout_cave_pods, drop_trap, hellmonk_deceptive_appearances

Skill      XL: |  1  2  3  4  5  6  7  8  9 10 11 12 13 14 15 16 |
---------------+-------------------------------------------------+-----
Stealth        | 2 3 4 |  4.0
Dodging        | 3 4 5 6 7 8 |  8.7
Fighting       | 4 5 6 7 8 9 |  9.6
Unarmed Combat | 4 5 6 7 8 9 10 11 12 | 12.4
Invocations    | 1 2 3 4 6 8 9 10 11 12 | 12.0
Transmutations | 3 5 6 9 11 12 | 12.5
Spellcasting   | 2 4 6 8 9 10 | 10.6
Ice Magic      | 8 18 22 23 | 23.0
Air Magic      | 6 7 |  7.2

Action                   |  1- 3 |  4- 6 |  7- 9 | 10-12 | 13-15 | 16-18 || total
-------------------------+-------+-------+-------+-------+-------+-------++-------
Melee: Dagger            |    91 |   145 |   381 |     3 |       |       ||   620
       Unarmed           |     5 |       |   131 |   778 |   853 |    78 ||  1845
       Tailslap          |    17 |    29 |    99 |   163 |   170 |    14 ||   492
       Punch             |     3 |     3 |    19 |    70 |    73 |     9 ||   177
       Spear             |       |       |       |    10 |       |       ||    10
Throw: Dart              |       |       |       |     2 |     2 |     7 ||    11
 Cast: Blade Hands       |       |       |       |    19 |    69 |     6 ||    94
       Ozocubu's Refrige |       |       |       |       |   132 |    80 ||   212
Invok: Lesser Servant of |       |       |       |    26 |    16 |       ||    42
 Abil: Breathe Frost     |       |       |     5 |    11 |     4 |     1 ||    21
       End Transformatio |       |       |       |       |     1 |       ||     1
Evoke: Wand              |       |       |     8 |       |       |     8 ||    16
  Use: Scroll            |     3 |       |    12 |    11 |     6 |     1 ||    33
       Potion            |       |       |       |     2 |     1 |       ||     3
 Stab: Sleeping          |     6 |     2 |     5 |     2 |     2 |     2 ||    19
       Invisible         |       |       |       |     1 |       |       ||     1
       Distracted        |       |       |       |     1 |     2 |       ||     3
       Petrified         |       |       |       |       |     1 |       ||     1
Armor: Skin              |    43 |    60 |   210 |   299 |   355 |    40 ||  1007
Dodge: Dodged            |    40 |   103 |   415 |   492 |   634 |    63 ||  1747
Block: Other             |       |       |       |    59 |   201 |    19 ||   279
       Reflection        |       |       |       |     4 |    13 |       ||    17
